TOP OF THE 1ST |
Louisville Cardinals batting - Pitching for Georgia Bulldogs : RHP Jason Rose
|
Pitching: RHP Jason Rose
|
|
Batting: RHB Victor Gilbert
|
0-0: Foul Ball, location: 2F 0-1: Swinging Strike 0-2: Ball 1-2: Ball 2-2: Ball 3-2: Base on Balls
|
Batting: RHB Bobby Hendricks
|
0-0: Ball 1-0: Fly out, F8 (Flyball, 8RM)
|
Batting: RHB James Everhart
|
0-0: Ball Victor Gilbert steals 2nd base 1-0: Ball 2-0: Called Strike 2-1: Ball 3-1: Foul Ball, location: 2F 3-2: SINGLE (Flyball, 78M) Victor Gilbert to third Runner from 3rd tries for Home, SAFE, no throw
|
Batting: RHB Doug Bell
|
0-0: Ball 1-0: Foul Ball, location: 2F 1-1: Ball 2-1: Foul Ball, location: 2F 2-2: Foul Ball, location: 2F 2-2: Strikes out swinging
|
Batting: RHB Mike Harris
|
0-0: Called Strike 0-1: Ball 1-1: Ball 2-1: Foul Ball, location: 2F 2-2: Foul Ball, location: 2F 2-2: Ball 3-2: Base on Balls James Everhart to second
|
Batting: RHB Michael Harris
|
0-0: Called Strike 0-1: Called Strike 0-2: Strikes out swinging
|
Top of the 1st over - 1 run(s), 1 hit(s), 0 error(s), 2 left on base; Louisville 1 - Georgia 0 |
BOTTOM OF THE 1ST |
Georgia Bulldogs batting - Pitching for Louisville Cardinals : RHP Shawn Gilliam
|
Pitching: RHP Shawn Gilliam
|
|
Batting: LHB Sandro M嫫quez
|
0-0: Ball 1-0: Ball 2-0: Called Strike 2-1: Foul Ball, location: 2F 2-2: Ball 3-2: Fly out, F8 (Line Drive, 8RXD)
|
Batting: SHB Nate Harrington
|
0-0: Ball 1-0: Ball 2-0: Ball 3-0: Called Strike 3-1: Base on Balls
|
Batting: LHB Merrill Erickson
|
0-0: Ball 1-0: Foul Ball, location: 2F 1-1: Ball 2-1: Called Strike 2-2: Fly out, F8 (Flyball, 8RXD)
|
Batting: RHB Tom Stoltz
|
0-0: Called Strike 0-1: Called Strike 0-2: Strikes out looking
|
Bottom of the 1st over - 0 run(s), 0 hit(s), 0 error(s), 1 left on base; Louisville 1 - Georgia 0 |
TOP OF THE 2ND |
Louisville Cardinals batting - Pitching for Georgia Bulldogs : RHP Jason Rose
|
Batting: RHB Scott Cabrera
|
0-0: Ground out U3 (Groundball, 34S)
|
Batting: RHB Justin Tomlinson
|
0-0: Called Strike 0-1: Ball 1-1: SINGLE (Flyball, 3D)
|
Batting: RHB Troy Legge
|
0-0: Ball 1-0: SINGLE (Groundball, 4MD) Justin Tomlinson to second
|
Batting: RHB Victor Gilbert
|
0-0: SINGLE (Groundball, 4MD) Justin Tomlinson to third Troy Legge to second
|
Batting: RHB Bobby Hendricks
|
0-0: Ball 1-0: Ball 2-0: Foul Ball, location: 2F 2-1: Ball 3-1: Grounds into double play, 4-6-3 (Groundball, 4)
|
Top of the 2nd over - 0 run(s), 3 hit(s), 0 error(s), 2 left on base; Louisville 1 - Georgia 0 |
BOTTOM OF THE 2ND |
Georgia Bulldogs batting - Pitching for Louisville Cardinals : RHP Shawn Gilliam
|
Batting: RHB Gerald Miller
|
0-0: Ground out 4-3 (Groundball, 4)
|
Batting: SHB Jean-Fran蔞is St-Amant
|
0-0: Swinging Strike 0-1: Foul Ball, location: 2F 0-2: Fly out, F4 (Popup, 34D)
|
Batting: LHB Artie Connor
|
0-0: Ball 1-0: Called Strike 1-1: Swinging Strike 1-2: Strikes out swinging
|
Bottom of the 2nd over - 0 run(s), 0 hit(s), 0 error(s), 0 left on base; Louisville 1 - Georgia 0 |
TOP OF THE 3RD |
Louisville Cardinals batting - Pitching for Georgia Bulldogs : RHP Jason Rose
|
Batting: RHB James Everhart
|
0-0: Ball 1-0: Ball 2-0: Called Strike 2-1: Ball 3-1: Swinging Strike 3-2: Foul Ball, location: 2F 3-2: Base on Balls
|
Batting: RHB Doug Bell
|
0-0: Hit by Pitch James Everhart to second
|
Batting: RHB Mike Harris
|
0-0: Ball 1-0: Called Strike 1-1: Fielders Choice at 2nd, 6-4 (Groundball, 6D) James Everhart to third
|
Batting: RHB Michael Harris
|
0-0: Ball 1-0: Ball 2-0: Grounds into double play, 5-4-3 (Groundball, 5L)
|
Top of the 3rd over - 0 run(s), 0 hit(s), 0 error(s), 1 left on base; Louisville 1 - Georgia 0 |
BOTTOM OF THE 3RD |
Georgia Bulldogs batting - Pitching for Louisville Cardinals : RHP Shawn Gilliam
|
Batting: RHB John Field
|
0-0: SINGLE (Groundball, 56D)
|
Batting: RHB 聲gel Torres
|
0-0: Called Strike 0-1: Ball 1-1: Ball 2-1: Foul Ball, location: 2F 2-2: Ball 3-2: Base on Balls John Field to second
|
Batting: LHB Sandro M嫫quez
|
0-0: Foul Ball, location: 2F 0-1: Swinging Strike 0-2: Foul Ball, location: 2F 0-2: Foul Ball, location: 2F 0-2: Ball 1-2: Foul Ball, location: 2F 1-2: Ball 2-2: Foul Ball, location: 2F 2-2: Fly out, F7 (Line Drive, 7LM)
|
Batting: SHB Nate Harrington
|
Balk! John Field to third 聲gel Torres to second 0-0: Ball 1-0: Ball 2-0: Ball 3-0: Called Strike 3-1: Foul Ball, location: 2F 3-2: Base on Balls
|
Batting: LHB Merrill Erickson
|
0-0: Grounds into fielders choice 2-2 (Groundball, 2R) 聲gel Torres to third Nate Harrington to second
|
Batting: RHB Tom Stoltz
|
0-0: Foul Ball, location: 2F 0-1: Foul Ball, location: 2F 0-2: Ball 1-2: Ball 2-2: Ball 3-2: SINGLE (Line Drive, 56D) 聲gel Torres scores Nate Harrington to third Merrill Erickson to second Nate Harrington scores Merrill Erickson to third
|
Batting: RHB Gerald Miller
|
0-0: SINGLE (Groundball, 56D) Merrill Erickson scores Tom Stoltz to second
|
Batting: SHB Jean-Fran蔞is St-Amant
|
0-0: Ball 1-0: Swinging Strike 1-1: Ball 2-1: Foul Ball, location: 2F 2-2: Strikes out swinging
|
Bottom of the 3rd over - 3 run(s), 3 hit(s), 0 error(s), 2 left on base; Louisville 1 - Georgia 3 |
TOP OF THE 4TH |
Louisville Cardinals batting - Pitching for Georgia Bulldogs : RHP Jason Rose
|
Batting: RHB Scott Cabrera
|
0-0: Ball 1-0: Foul Ball, location: 2F 1-1: Ground out 5-3 (Groundball, 56S)
|
Batting: RHB Justin Tomlinson
|
0-0: Ball 1-0: Called Strike 1-1: Called Strike 1-2: Strikes out swinging
|
Batting: RHB Troy Legge
|
0-0: Swinging Strike 0-1: Called Strike 0-2: Strikes out swinging
|
Top of the 4th over - 0 run(s), 0 hit(s), 0 error(s), 0 left on base; Louisville 1 - Georgia 3 |
BOTTOM OF THE 4TH |
Georgia Bulldogs batting - Pitching for Louisville Cardinals : RHP Shawn Gilliam
|
Batting: LHB Artie Connor
|
0-0: Ground out 4-3 (Groundball, 4)
|
Batting: RHB John Field
|
0-0: SINGLE (Line Drive, 6MD)
|
Batting: RHB 聲gel Torres
|
0-0: Called Strike John Field is caught stealing 2nd base 0-1: Ball 1-1: Ball 2-1: Ball 3-1: Foul Ball, location: 2F 3-2: Base on Balls
|
Batting: LHB Sandro M嫫quez
|
0-0: Ball 聲gel Torres steals 2nd base 1-0: Called Strike 1-1: Swinging Strike 1-2: Ball 2-2: Ball 3-2: SINGLE (Groundball, 34D) 聲gel Torres to third 聲gel Torres scores
|
Batting: SHB Nate Harrington
|
0-0: Ball 1-0: Ball 2-0: Ball 3-0: Called Strike 3-1: Ground out 3-1 (Groundball, 34S)
|
Bottom of the 4th over - 1 run(s), 2 hit(s), 0 error(s), 1 left on base; Louisville 1 - Georgia 4 |
TOP OF THE 5TH |
Louisville Cardinals batting - Pitching for Georgia Bulldogs : RHP Jason Rose
|
Batting: RHB Victor Gilbert
|
0-0: Swinging Strike 0-1: Ball 1-1: Ground out 5-3 (Groundball, 5L)
|
Batting: RHB Bobby Hendricks
|
0-0: Swinging Strike 0-1: Fly out, F9 (Flyball, 9S)
|
Batting: RHB James Everhart
|
0-0: Called Strike 0-1: Swinging Strike 0-2: Foul Ball, location: 2F 0-2: Ball 1-2: Strikes out looking
|
Top of the 5th over - 0 run(s), 0 hit(s), 0 error(s), 0 left on base; Louisville 1 - Georgia 4 |
BOTTOM OF THE 5TH |
Georgia Bulldogs batting - Pitching for Louisville Cardinals : RHP Shawn Gilliam
|
Pitching: RHP Ernest Carrillo
|
|
Batting: LHB Merrill Erickson
|
0-0: Ball 1-0: SINGLE (Groundball, 4MD)
|
Batting: RHB Tom Stoltz
|
0-0: Fielders Choice at 2nd, 3-6 (Groundball, 34)
|
Batting: RHB Gerald Miller
|
0-0: Ball 1-0: Swinging Strike 1-1: Foul Ball, location: 2F 1-2: Ground out U3 (Groundball, 34S) Tom Stoltz to second
|
Batting: SHB Jean-Fran蔞is St-Amant
|
0-0: Ball 1-0: Called Strike 1-1: Ball 2-1: Ball 3-1: Foul Ball, location: 2F 3-2: Base on Balls
|
Batting: LHB Artie Connor
|
0-0: Called Strike 0-1: Ball 1-1: DOUBLE (Line Drive, 89M) Tom Stoltz scores Jean-Fran蔞is St-Amant to third
|
Batting: RHB John Field
|
0-0: Ball 1-0: Ball 2-0: Called Strike 2-1: Ball 3-1: Base on Balls
|
Batting: RHB 聲gel Torres
|
0-0: Ball 1-0: Ball 2-0: Ball 3-0: Base on Balls Jean-Fran蔞is St-Amant scores Artie Connor to third John Field to second
|
Batting: LHB Sandro M嫫quez
|
0-0: Called Strike 0-1: Ball 1-1: Foul Ball, location: 2F 1-2: Ground out 3-1 (Groundball, 34S)
|
Bottom of the 5th over - 2 run(s), 2 hit(s), 0 error(s), 3 left on base; Louisville 1 - Georgia 6 |
TOP OF THE 6TH |
Louisville Cardinals batting - Pitching for Georgia Bulldogs : RHP Jason Rose
|
Batting: RHB Doug Bell
|
0-0: Ball 1-0: Ball 2-0: Ball 3-0: Base on Balls
|
Pitching: LHP George Bolden
|
|
Batting: RHB Mike Harris
|
0-0: Called Strike 0-1: Fly out, F7 (Flyball, 78M)
|
Batting: RHB Michael Harris
|
0-0: Called Strike 0-1: Ball Doug Bell is caught stealing 2nd base 1-1: SINGLE (Groundball, 5S) (infield hit)
|
Batting: RHB Scott Cabrera
|
0-0: Ball 1-0: Foul Ball, location: 2F 1-1: Called Strike 1-2: Ball 2-2: Ball 3-2: Foul Ball, location: 2F 3-2: Strikes out swinging
|
Top of the 6th over - 0 run(s), 1 hit(s), 0 error(s), 1 left on base; Louisville 1 - Georgia 6 |
BOTTOM OF THE 6TH |
Georgia Bulldogs batting - Pitching for Louisville Cardinals : RHP Ernest Carrillo
|
Pitching: RHP Ray Holland
|
|
Batting: SHB Nate Harrington
|
0-0: Ball 1-0: Foul Ball, location: 2F 1-1: Ball 2-1: SINGLE (Flyball, 89M)
|
Batting: LHB Merrill Erickson
|
0-0: Foul Ball, location: 2F 0-1: Ball Wild Pitch! Nate Harrington to second 1-1: Ball 2-1: Ball 3-1: Base on Balls
|
Batting: RHB Tom Stoltz
|
0-0: Foul Ball, location: 2F 0-1: Ball 1-1: Swinging Strike 1-2: Foul Ball, location: 2F 1-2: SINGLE (Line Drive, 8RS) Nate Harrington to third Merrill Erickson to second
|
Batting: RHB Gerald Miller
|
0-0: Ball 1-0: Swinging Strike 1-1: Called Strike 1-2: Foul Ball, location: 2F 1-2: Strikes out swinging
|
Batting: SHB Jean-Fran蔞is St-Amant
|
0-0: Ball 1-0: Called Strike 1-1: Ball 2-1: Ground out 5-3 (Groundball, 56S) Nate Harrington scores Merrill Erickson to third Tom Stoltz to second
|
Batting: LHB Artie Connor
|
0-0: Ball 1-0: Ground out 4-3 (Groundball, 4)
|
Bottom of the 6th over - 1 run(s), 2 hit(s), 0 error(s), 2 left on base; Louisville 1 - Georgia 7 |
TOP OF THE 7TH |
Louisville Cardinals batting - Pitching for Georgia Bulldogs : LHP George Bolden
|
Batting: RHB Justin Tomlinson
|
0-0: Foul Ball, location: 2F 0-1: Called Strike 0-2: Ball 1-2: Foul Ball, location: 2F 1-2: Ball 2-2: Ball 3-2: Foul Ball, location: 2F 3-2: Base on Balls
|
Batting: RHB Troy Legge
|
0-0: Ball 1-0: Called Strike 1-1: Ball 2-1: Called Strike 2-2: Ball 3-2: Fly out, F8 (Flyball, 8LD)
|
Batting: RHB Victor Gilbert
|
0-0: Ball 1-0: Swinging Strike 1-1: Ball 2-1: Foul Ball, location: 2F 2-2: Strikes out swinging
|
Batting: RHB Bobby Hendricks
|
0-0: Ball 1-0: Foul Ball, location: 2F 1-1: Fielders Choice at 2nd, U6 (Groundball, 6M)
|
Top of the 7th over - 0 run(s), 0 hit(s), 0 error(s), 1 left on base; Louisville 1 - Georgia 7 |
BOTTOM OF THE 7TH |
Georgia Bulldogs batting - Pitching for Louisville Cardinals : RHP Ray Holland
|
Batting: RHB John Field
|
0-0: Ball 1-0: Ball 2-0: Ball 3-0: Called Strike 3-1: Base on Balls
|
Batting: RHB 聲gel Torres
|
0-0: TRIPLE (Flyball, 8LD) John Field scores
|
Batting: LHB Sandro M嫫quez
|
0-0: Ball 1-0: Called Strike 1-1: Foul Ball, location: 2F 1-2: Ball 2-2: Ball 3-2: Foul Ball, location: 2F 3-2: Ground out U3 (Groundball, 34)
|
Batting: SHB Nate Harrington
|
0-0: Foul Ball, location: 2F 0-1: Ball 1-1: Ball 2-1: Ball 3-1: Base on Balls
|
Batting: LHB Merrill Erickson
|
0-0: Reached via error on a dropped throw, E6 聲gel Torres scores Nate Harrington to second
|
Pitching: LHP Eric Knox
|
|
Batting: RHB Tom Stoltz
|
0-0: Ball 1-0: Called Strike 1-1: Fly out, F8 (Flyball, 8RM)
|
Batting: RHB Gerald Miller
|
0-0: Foul Ball, location: 2F 0-1: Called Strike 0-2: Fielders Choice at 2nd, 4-6 (Groundball, 4)
|
Bottom of the 7th over - 2 run(s), 1 hit(s), 1 error(s), 1 left on base; Louisville 1 - Georgia 9 |
TOP OF THE 8TH |
Louisville Cardinals batting - Pitching for Georgia Bulldogs : LHP George Bolden
|
Now at C: Chris Whittier
|
|
Batting: RHB James Everhart
|
0-0: Ball 1-0: Called Strike 1-1: Swinging Strike 1-2: Ground out 6-3 (Groundball, 6)
|
Batting: RHB Doug Bell
|
0-0: Called Strike 0-1: Ball 1-1: Ball 2-1: Ball 3-1: Swinging Strike 3-2: Ground out 4-3 (Groundball, 4)
|
Batting: RHB Mike Harris
|
0-0: Foul Ball, location: 2F 0-1: Ball 1-1: Ball 2-1: SINGLE (Line Drive, 9S)
|
Batting: RHB Michael Harris
|
0-0: Called Strike 0-1: Fielders Choice at 2nd, 5-4 (Groundball, 56)
|
Top of the 8th over - 0 run(s), 1 hit(s), 0 error(s), 0 left on base; Louisville 1 - Georgia 9 |
BOTTOM OF THE 8TH |
Georgia Bulldogs batting - Pitching for Louisville Cardinals : LHP Eric Knox
|
Batting: SHB Jean-Fran蔞is St-Amant
|
0-0: Ball 1-0: Ball 2-0: Ball 3-0: Base on Balls
|
Batting: LHB Artie Connor
|
0-0: Ball 1-0: Ball 2-0: Fly out, F8 (Flyball, 8LM)
|
Batting: RHB John Field
|
0-0: Called Strike 0-1: Called Strike 0-2: Ball 1-2: Foul Ball, location: 2F 1-2: Ball 2-2: Ball 3-2: Foul Ball, location: 2F 3-2: Fly out, F8 (Flyball, 8RD)
|
Pinch Hitting: RHB Ernie Ross
|
0-0: Called Strike 0-1: Ball 1-1: Ball 2-1: Ball 3-1: Foul Ball, location: 2F 3-2: Strikes out swinging
|
Bottom of the 8th over - 0 run(s), 0 hit(s), 0 error(s), 1 left on base; Louisville 1 - Georgia 9 |
TOP OF THE 9TH |
Louisville Cardinals batting - Pitching for Georgia Bulldogs : LHP George Bolden
|
Now at 2B: Jeff Allen
|
|
Batting: RHB Scott Cabrera
|
0-0: Ball 1-0: Ball 2-0: Swinging Strike 2-1: Called Strike 2-2: Fly out, F9 (Flyball, 9S)
|
Pitching: RHP Lance Johnson
|
|
Batting: RHB Justin Tomlinson
|
0-0: Swinging Strike 0-1: Ball 1-1: Ball 2-1: Foul Ball, location: 2F 2-2: Strikes out swinging
|
Batting: RHB Troy Legge
|
0-0: Ball 1-0: Ball 2-0: Ground out 5-3 (Groundball, 56S)
|
Top of the 9th over - 0 run(s), 0 hit(s), 0 error(s), 0 left on base; Louisville 1 - Georgia 9 |
|